 Dungeon Sprint DCSS version 0.16-a0-4008-gc88e425 (webtiles) character file.

8673 PolkaDot the Black Belt (level 11, -7/111 HPs)
             Began as a Black Draconian Monk on Feb 16, 2015.
             Was the Champion of Qazlal.
             Mangled by a shadow (32 damage)
             ... in the Dungeon (Sprint VII: "The Pits").
             The game lasted 00:10:43 (1964 turns).

PolkaDot the Black Belt (Black Draconian Monk)      Turns: 1964, Time: 00:10:43

Health: -7/111     AC: 11    Str: 17    XL:     11   Next: 13%
Magic:  11/11      EV: 23    Int: 11    God:    Qazlal [******]
Gold:   0          SH:  8    Dex: 19    Spells: 0 memorised, 10 levels left

rFire  . . .     SeeInvis .       - Unarmed
rCold  . . .     Clarity  .     (armour unavailable)
rNeg   . . .     SustAb   .     (no shield)
rPois  .         Gourm    .     (helmet restricted)
rElec  +         Spirit   .     v - +0 cloak
rCorr  .         Warding  .     (no gloves)
rMut   .         NoTele   +     (no boots)
MR     .....                    (no amulet)
Stlth  +.........               q - +3 ring of dexterity
                                p - +3 ring of strength

@: short of breath, protected from physical damage, repel missiles, not
resistant to hostile enchantments, very unstealthy
A: breathe lightning, unfitting armour, electricity resistance, cold-blooded, AC
+7
a: Breathe Lightning, Upheaval, Elemental Force, Disaster Area, Renounce
Religion


You were in the Dungeon.
You worshipped Qazlal.
Qazlal was exalted by your worship.
You were not hungry.

You visited 1 branch

Inventory:

Armour
 v - a +0 cloak (worn)
Jewellery
 p - a +3 ring of strength (left hand)
 q - a +3 ring of dexterity (right hand)
Scrolls
 h - a scroll of blinking
 l - 3 scrolls of remove curse
 m - 5 scrolls of amnesia
 o - 2 scrolls of vulnerability
Potions
 f - 4 potions of magic
 r - a potion of cure mutation {!q}
 s - a potion of restore abilities
 t - 2 potions of brilliance
Comestibles
 b - 8 bread rations
 i - 36 fruits
 j - 7 meat rations


   Skills:
 + Level 14.8 Fighting
 + Level 12.7 Dodging
 - Level 1.7 Stealth
 * Level 18.5 Unarmed Combat


You had 10 spell levels left.
You didn't know any spells.

Dungeon Overview and Level Annotations

Branches:
Dungeon (1/1)

Altars:
Ashenzari
Cheibriados
Dithmenos
Elyvilon
Fedhas
Gozag
Kikubaaqudgha
Makhleb
Nemelex Xobeh
Okawaru
Qazlal
Ru
Sif Muna
Trog
Vehumet
Xom
Yredelemnul
Zin
The Shining One
Beogh
Jiyva
Lugonu

Annotations:
D Prince Ribbit


Innate Abilities, Weirdness & Mutations

You can breathe wild blasts of lightning.
Your glossy black scales are hard (AC +7).
Your body does not fit into most forms of armour.
You are resistant to electric shocks.
Your cold-blooded metabolism reacts poorly to cold.


Message History

You miss the wind drake.
The wind drake is heavily wounded.
The shadow hits you!
* * * LOW HITPOINT WARNING * * *
The wind drake closely misses you.
You barely miss the wind drake.
The wind drake is heavily wounded.
The shadow slips into darkness.
The shadow flickers and vanishes!
Deactivating autopickup; reactivate with Ctrl-A.
The wind drake bites you!
* * * LOW HITPOINT WARNING * * *
You feel protected from physical attacks.
You punch the wind drake! You punch the wind drake.
The wind drake is severely wounded.
You pummel the wind drake!!
You kill the wind drake!
Qazlal accepts your kill.
The shadow strikes at you from the darkness!
You die...

##################
#.................
#...§.............
#§.############### #§§##.#
#@{#§# #†§o# #eo#.# #..##.#
#..###############
#############.†...............
#__________##.................
#__________###########++######
#.#####'##############§+######


You could see a deep elf mage, an orc priest and an orc.

Vanquished Creatures
  An emperor scorpion (D)
  An orc high priest (D)
  An ice devil (D)
  An unseen horror (D)
  A hill giant (D)
  A cyclops (D)
  A phantasmal warrior (D)
  An orc sorcerer (D)
  A manticore (D)
  A molten gargoyle (D)
  An orange demon (D)
  2 trolls (D)
  4 blink frogs (D)
  A boulder beetle (D)
  A wind drake (D)
  A snapping turtle (D)
  A ynoxinul (D)
  A deep elf fighter (D)
  A warg (D)
  A wasp (D)
  2 ogres (D)
  An eye of draining (D)
  A small abomination (D)
  A blink frog zombie (D)
  A centaur (D)
  A big kobold (D)
  A jelly (D)
  A quasit (D)
  A hound (D)
  An iguana (D)
  A worker ant (D)
  14 sheep (D)
  An adder (D)
  2 river rats (D)
  A white imp (D)
  A giant mite (D)
  5 ufetubi (D)
  An ooze (D)
  5 orcs (D)
  2 bats (D)
  A bat skeleton (D)
  2 giant cockroaches (D)
  2 goblins (D)
  4 jackals (D)
  2 kobolds (D)
  A giant gecko simulacrum (D)
  A giant newt (D)
81 creatures vanquished.

Vanquished Creatures (others)
  A blink frog (D)
  A porcupine (D)
2 creatures vanquished.

Grand Total: 83 creatures vanquished

Notes
Turn   | Place    | Note
--------------------------------------------------------------
     0 | D        | PolkaDot, the Draconian Monk, began the quest for the Orb.
     0 | D        | Reached XP level 1. HP: 19/19 MP: 1/1
    29 | D        | Found a sacrificial altar of Ru.
    29 | D        | Found a basalt altar of Yredelemnul.
    29 | D        | Found a shadowy altar of Dithmenos.
    29 | D        | Found a deep blue altar of Sif Muna.
    29 | D        | Found a burning altar of Makhleb.
    29 | D        | Found a shimmering altar of Xom.
    29 | D        | Found an ancient bone altar of Kikubaaqudgha.
    29 | D        | Found a sparkling altar of Nemelex Xobeh.
    30 | D        | Found a glowing golden altar of the Shining One.
    30 | D        | Found a bloodstained altar of Trog.
    30 | D        | Found a shattered altar of Ashenzari.
    30 | D        | Found a white marble altar of Elyvilon.
    30 | D        | Found a snail-covered altar of Cheibriados.
    30 | D        | Found a blossoming altar of Fedhas.
    30 | D        | Found a radiant altar of Vehumet.
    30 | D        | Found a glowing silver altar of Zin.
    30 | D        | Found a corrupted altar of Lugonu.
    30 | D        | Found a viscous altar of Jiyva.
    30 | D        | Found a roughly hewn altar of Beogh.
    30 | D        | Found an iron altar of Okawaru.
    36 | D        | Found a stormy altar of Qazlal.
    36 | D        | Found an opulent altar of Gozag.
    40 | D        | Became a worshipper of Qazlal Stormbringer
    40 | D        | Acquired Qazlal's first power
    40 | D        | Acquired Qazlal's second power
    77 | D        | Reached skill level 5 in Unarmed Combat
    77 | D        | Reached XP level 2. HP: 13/27 MP: 2/2
   250 | D        | Acquired Qazlal's third power
   472 | D        | Acquired Qazlal's fourth power
   472 | D        | Reached XP level 3. HP: 32/34 MP: 3/3
   530 | D        | Reached skill level 6 in Unarmed Combat
   531 | D        | Noticed a centaur
   531 | D        | Noticed Prince Ribbit
   532 | D        | Noticed a porcupine
   533 | D        | Noticed a quasit
   545 | D        | Killed a porcupine
   545 | D        | Reached skill level 5 in Fighting
   545 | D        | Reached skill level 7 in Unarmed Combat
   545 | D        | Reached XP level 4. HP: 20/44 MP: 4/4
   550 | D        | Killed a centaur
   550 | D        | Reached skill level 5 in Dodging
   550 | D        | Reached skill level 9 in Unarmed Combat
   550 | D        | Reached XP level 5. HP: 22/51 MP: 5/5
   561 | D        | Killed a quasit
   709 | D        | Noticed a big kobold
   713 | D        | Killed a big kobold
   713 | D        | Acquired Qazlal's fifth power
   713 | D        | Reached skill level 10 in Unarmed Combat
   713 | D        | Reached XP level 6. HP: 57/61 MP: 6/6
   719 | D        | Noticed a hound
   719 | D        | Noticed an eye of draining
   722 | D        | Noticed a ynoxinul
   725 | D        | Killed a hound
   742 | D        | Killed a ynoxinul
   742 | D        | Reached skill level 11 in Unarmed Combat
   750 | D        | Killed an eye of draining
   750 | D        | Your scales start taking on a glossy black colour.
   750 | D        | Gained mutation: You are resistant to electric shocks. [draconian maturity]
   750 | D        | Reached XP level 7. HP: 62/69 MP: 5/7
   753 | D        | Noticed an iguana
   753 | D        | Noticed a worker ant
   755 | D        | Noticed a deep elf fighter
   758 | D        | Killed a worker ant
   767 | D        | Killed a deep elf fighter
   767 | D        | Reached skill level 12 in Unarmed Combat
   776 | D        | Killed an iguana
   878 | D        | Noticed an ogre
   879 | D        | Noticed a troll
   879 | D        | Noticed an ice devil
   887 | D        | Killed an ogre
   890 | D        | Killed a troll
   890 | D        | Reached skill level 10 in Fighting
   890 | D        | Reached XP level 8. HP: 51/79 MP: 8/8
   914 | D        | Killed an ice devil
   914 | D        | Reached skill level 13 in Unarmed Combat
   926 | D        | Noticed a boulder beetle
   926 | D        | Noticed a wasp
   926 | D        | Noticed a blink frog
   926 | D        | Noticed a blink frog
   926 | D        | Noticed a blink frog
   926 | D        | Noticed a blink frog
   926 | D        | Noticed a blink frog
   926 | D        | Noticed a warg
   926 | D        | Noticed an orc sorcerer
   930 | D        | Killed a blink frog
   930 | D        | Reached skill level 14 in Unarmed Combat
   930 | D        | Killed a blink frog
   939 | D        | Noticed a red devil
   940 | D        | Killed a wasp
   942 | D        | Noticed a rust devil
   943 | D        | Reached XP level 9. HP: 73/89 MP: 9/9
   944 | D        | Killed a blink frog
   944 | D        | Reached skill level 10 in Dodging
   955 | D        | Killed a boulder beetle
   957 | D        | Killed an orc sorcerer
   957 | D        | Reached skill level 15 in Unarmed Combat
   960 | D        | Killed a warg
   961 | D        | Killed a blink frog
   976 | D        | Killed a blink frog
   995 | D        | Noticed an orc high priest
   997 | D        | Noticed a troll
   997 | D        | Noticed a snapping turtle
   997 | D        | Noticed a jelly
  1002 | D        | Noticed a sixfirhy
  1009 | D        | Killed an orc high priest
  1009 | D        | Reached skill level 16 in Unarmed Combat
  1019 | D        | Killed a troll
  1019 | D        | Reached XP level 10. HP: 73/100 MP: 10/10
  1021 | D        | Killed a jelly
  1025 | D        | Noticed a cyclops
  1036 | D        | Killed a snapping turtle
  1056 | D        | Killed a cyclops
  1078 | D        | Noticed an emperor scorpion
  1108 | D        | Killed an emperor scorpion
  1108 | D        | Reached skill level 17 in Unarmed Combat
  1204 | D        | Killed an unseen horror
  1353 | D        | Noticed a manticore
  1358 | D        | Killed a manticore
  1433 | D        | Noticed a molten gargoyle
  1447 | D        | Killed a molten gargoyle
  1576 | D        | Noticed an orange demon
  1576 | D        | Noticed a blue devil
  1577 | D        | Noticed a hill giant
  1581 | D        | Noticed a hill giant
  1585 | D        | Noticed a hellwing
  1591 | D        | Killed an orange demon
  1591 | D        | Reached skill level 18 in Unarmed Combat
  1592 | D        | Noticed a phantasmal warrior
  1592 | D        | Noticed a gargoyle
  1619 | D        | Killed a phantasmal warrior
  1619 | D        | Reached XP level 11. HP: 13/111 MP: 11/11
  1723 | D        | Killed a hill giant
  1946 | D        | Noticed a jumping spider
  1946 | D        | Noticed a wind drake
  1946 | D        | Noticed a shadow
  1948 | D        | Noticed a small abomination
  1949 | D        | Noticed an ogre
  1951 | D        | Noticed a deep elf mage
  1954 | D        | Killed a small abomination
  1958 | D        | Noticed an orc priest
  1958 | D        | Killed an ogre
  1964 | D        | Killed a wind drake
  1964 | D        | Mangled by a shadow

Action                   |  1- 3 |  4- 6 |  7- 9 | 10-12 || total
-------------------------+-------+-------+-------+-------++-------
Melee: Unarmed           |    64 |    54 |   104 |   117 ||   339
Invok: Upheaval          |       |       |       |     2 ||     2
 Abil: Breathe Lightning |       |       |     2 |     3 ||     5
  Use: Potion            |     1 |     3 |     8 |    12 ||    24
       Scroll            |       |       |       |     1 ||     1
 Stab: Invisible         |       |     4 |    12 |       ||    16
  Eat: Chunk             |       |       |     1 |     4 ||     5
       Fruit             |       |       |       |     4 ||     4
